TOP OF THE 1ST |
Indiana Hounds batting - Pitching for Detroit X-Wings : RHP Travis Whitney
|
Pitching: RHP Travis Whitney
|
|
Batting: LHB Junior Coates
|
0-0: Ball 1-0: Ground out 5-3 (Groundball, 56)
|
Batting: RHB Howard Daniel
|
0-0: Swinging Strike 0-1: Called Strike 0-2: Ball 1-2: Strikes out swinging
|
Batting: RHB Doug Murray
|
0-0: Ball 1-0: Ball 2-0: Ball 3-0: Called Strike 3-1: Foul Ball, location: 2F 3-2: Strikes out looking
|
Top of the 1st over - 0 run(s), 0 hit(s), 0 error(s), 0 left on base; Indiana 0 - Detroit 0 |
BOTTOM OF THE 1ST |
Detroit X-Wings batting - Pitching for Indiana Hounds : RHP José Rivera
|
Pitching: RHP José Rivera
|
|
Batting: SHB Jaime Montés
|
0-0: Ball 1-0: Fly out, F5 (Popup, 5F)
|
Batting: LHB Juan Jose Pineda
|
0-0: Called Strike 0-1: Foul Ball, location: 2F 0-2: Strikes out looking
|
Batting: RHB Albert Chávez
|
0-0: Called Strike 0-1: Ball 1-1: Ball 2-1: Called Strike 2-2: Ground out 6-3 (Groundball, 6M)
|
Bottom of the 1st over - 0 run(s), 0 hit(s), 0 error(s), 0 left on base; Indiana 0 - Detroit 0 |
TOP OF THE 2ND |
Indiana Hounds batting - Pitching for Detroit X-Wings : RHP Travis Whitney
|
Batting: LHB Clint Parkinson
|
0-0: SINGLE (Groundball, 2L) (infield hit)
|
Batting: RHB Danny Walker
|
0-0: Ball 1-0: 2-RUN HOME RUN (Flyball, 7D), Distance : 371 ft
|
Batting: RHB Marc Ploughman
|
0-0: Ball 1-0: Ball 2-0: Swinging Strike 2-1: Ball 3-1: Swinging Strike 3-2: Foul Ball, location: 2F 3-2: Strikes out looking
|
Batting: LHB Dave Helásquez
|
0-0: Called Strike 0-1: Ball 1-1: Foul Ball, location: 2F 1-2: SINGLE (Groundball, 56D)
|
Batting: RHB Kun Liu
|
0-0: Fly out, F8 (Flyball, 8LXD)
|
Batting: RHB Paco Castillo
|
0-0: Fly out, F9 (Flyball, 89S)
|
Top of the 2nd over - 2 run(s), 3 hit(s), 0 error(s), 1 left on base; Indiana 2 - Detroit 0 |
BOTTOM OF THE 2ND |
Detroit X-Wings batting - Pitching for Indiana Hounds : RHP José Rivera
|
Batting: RHB Jorge Cora
|
0-0: Called Strike 0-1: Called Strike 0-2: Foul Ball, location: 2F 0-2: SINGLE (Line Drive, 6D)
|
Batting: LHB Gonzalo Trujillo
|
0-0: Called Strike 0-1: Ball 1-1: Ball 2-1: Called Strike 2-2: Ball 3-2: Grounds out, U3 (Groundball, 3L)
|
Batting: SHB Felipe Detorres
|
0-0: Fly out, F3 (Popup, 13)
|
Batting: RHB Juan Martínez
|
0-0: Ball 1-0: Foul Ball, location: 2F 1-1: Foul Ball, location: 2F 1-2: Ball 2-2: SINGLE (Line Drive, 4D) Jorge Cora to third Runner from 3rd tries for Home, SAFE, no throw or cutoff
|
Batting: RHB Gary Witt
|
0-0: Ground out 4-3 (Groundball, 4)
|
Bottom of the 2nd over - 1 run(s), 2 hit(s), 0 error(s), 1 left on base; Indiana 2 - Detroit 1 |
TOP OF THE 3RD |
Indiana Hounds batting - Pitching for Detroit X-Wings : RHP Travis Whitney
|
Batting: LHB Junior Coates
|
0-0: Ball 1-0: Ball 2-0: Ball 3-0: Base on Balls
|
Batting: RHB Howard Daniel
|
0-0: Ball 1-0: Swinging Strike 1-1: Called Strike 1-2: Ball 2-2: Ground out 5-3 (Groundball, 5S) Junior Coates to second
|
Batting: RHB Doug Murray
|
0-0: Ball 1-0: Foul Ball, location: 2F 1-1: Ball 2-1: Fly out, F4 (Line Drive, 4M)
|
Batting: LHB Clint Parkinson
|
0-0: Ball 1-0: Called Strike 1-1: Ball 2-1: Foul Ball, location: 2F 2-2: DOUBLE (Line Drive, 5L) Junior Coates scores
|
Pitching: RHP Felipe Téllez
|
|
Batting: RHB Danny Walker
|
0-0: Ball 1-0: Ball 2-0: Ground out 5-3 (Groundball, 5)
|
Top of the 3rd over - 1 run(s), 1 hit(s), 0 error(s), 1 left on base; Indiana 3 - Detroit 1 |
BOTTOM OF THE 3RD |
Detroit X-Wings batting - Pitching for Indiana Hounds : RHP José Rivera
|
Batting: RHB Diego Ocampo
|
0-0: Foul Ball, location: 2F 0-1: Ball 1-1: Ball 2-1: Called Strike 2-2: Ball 3-2: Base on Balls
|
Batting: SHB Jaime Montés
|
0-0: Ball 1-0: Foul Ball, location: 2F 1-1: Ball 2-1: Ball 3-1: SINGLE (Groundball, 34D) Diego Ocampo to second
|
Batting: LHB Juan Jose Pineda
|
0-0: Ball 1-0: Fly out, F8 (Flyball, 8RS)
|
Batting: RHB Albert Chávez
|
0-0: SINGLE (Groundball, 4MD) Diego Ocampo to third Jaime Montés to second Runner from 3rd tries for Home, SAFE, throw made home Jaime Montés to third Albert Chávez to second
|
Batting: RHB Jorge Cora
|
0-0: Ball 1-0: Foul Ball, location: 2F 1-1: Foul Ball, location: 2F 1-2: Ball 2-2: Ball 3-2: Fly out, F3 (Popup, 3DF)
|
Batting: LHB Gonzalo Trujillo
|
0-0: Called Strike 0-1: Ball 1-1: Called Strike 1-2: Strikes out swinging
|
Bottom of the 3rd over - 1 run(s), 2 hit(s), 0 error(s), 2 left on base; Indiana 3 - Detroit 2 |
TOP OF THE 4TH |
Indiana Hounds batting - Pitching for Detroit X-Wings : RHP Felipe Téllez
|
Batting: RHB Marc Ploughman
|
0-0: Called Strike 0-1: Ball 1-1: Called Strike 1-2: Ball 2-2: Ball 3-2: Base on Balls
|
Batting: LHB Dave Helásquez
|
0-0: Foul Ball, location: 2F 0-1: Swinging Strike 0-2: Ball 1-2: Ball 2-2: Strikes out looking
|
Batting: RHB Kun Liu
|
0-0: Called Strike 0-1: Ball 1-1: Swinging Strike 1-2: Ball 2-2: Ball 3-2: SINGLE (Line Drive, 6MD) Marc Ploughman to second
|
Batting: RHB Paco Castillo
|
0-0: Ball Wild Pitch! Marc Ploughman to third Kun Liu to second 1-0: Ball 2-0: Foul Ball, location: 2F 2-1: Foul Ball, location: 2F 2-2: Strikes out swinging
|
Batting: LHB Junior Coates
|
0-0: Ball 1-0: Called Strike 1-1: Ball 2-1: Ball 3-1: Swinging Strike 3-2: Foul Ball, location: 2F 3-2: Base on Balls
|
Batting: RHB Howard Daniel
|
0-0: GRAND SLAM HOME RUN (Flyball, 7D), Distance : 388 ft
|
Pitching: RHP Salvador Vélez
|
|
Batting: RHB Doug Murray
|
0-0: Swinging Strike 0-1: Foul Ball, location: 2F 0-2: Ball 1-2: Ball 2-2: Ball 3-2: Base on Balls
|
Batting: LHB Clint Parkinson
|
0-0: Fly out, F9 (Flyball, 9M)
|
Top of the 4th over - 4 run(s), 2 hit(s), 0 error(s), 1 left on base; Indiana 7 - Detroit 2 |
BOTTOM OF THE 4TH |
Detroit X-Wings batting - Pitching for Indiana Hounds : RHP José Rivera
|
Batting: SHB Felipe Detorres
|
0-0: Ball 1-0: Ground out 4-3 (Groundball, 4)
|
Batting: RHB Juan Martínez
|
0-0: Foul Ball, location: 2F 0-1: Ball 1-1: Foul Ball, location: 2F 1-2: Foul Ball, location: 2F 1-2: Ball 2-2: DOUBLE (Groundball, 3L)
|
Batting: RHB Gary Witt
|
0-0: Ball 1-0: Swinging Strike 1-1: Ball 2-1: Foul Ball, location: 2F 2-2: Fly out, F9 (Flyball, 9M)
|
Batting: RHB Diego Ocampo
|
0-0: Ground out 6-3 (Groundball, 6M)
|
Bottom of the 4th over - 0 run(s), 1 hit(s), 0 error(s), 1 left on base; Indiana 7 - Detroit 2 |
TOP OF THE 5TH |
Indiana Hounds batting - Pitching for Detroit X-Wings : RHP Salvador Vélez
|
Batting: RHB Danny Walker
|
0-0: Foul Ball, location: 2F 0-1: Swinging Strike 0-2: Ground out 4-3 (Groundball, 4M)
|
Batting: RHB Marc Ploughman
|
0-0: Ball 1-0: Called Strike 1-1: Ball 2-1: Swinging Strike 2-2: Fly out, F4 (Popup, 4M)
|
Batting: LHB Dave Helásquez
|
0-0: Swinging Strike 0-1: Called Strike 0-2: Foul Ball, location: 2F 0-2: SINGLE (Line Drive, 9S)
|
Batting: RHB Kun Liu
|
0-0: Foul Ball, location: 2F 0-1: Ball 1-1: Fly out, F6 (Popup, 6M)
|
Top of the 5th over - 0 run(s), 1 hit(s), 0 error(s), 1 left on base; Indiana 7 - Detroit 2 |
BOTTOM OF THE 5TH |
Detroit X-Wings batting - Pitching for Indiana Hounds : RHP José Rivera
|
Batting: SHB Jaime Montés
|
0-0: Called Strike 0-1: Ground out U3 (Groundball, 3S)
|
Batting: LHB Juan Jose Pineda
|
0-0: Called Strike 0-1: Ball 1-1: Ball 2-1: Foul Ball, location: 2F 2-2: Ball 3-2: SOLO HOME RUN (Flyball, 78XD), Distance : 407 ft
|
Pitching: LHP Ian DeMichelis
|
|
Batting: RHB Albert Chávez
|
0-0: Ball 1-0: Fly out, F2 (Popup, 23F)
|
Batting: RHB Jorge Cora
|
0-0: Ball 1-0: Foul Ball, location: 2F 1-1: Foul Ball, location: 2F 1-2: Ball 2-2: Fly out, F3 (Popup, 13)
|
Bottom of the 5th over - 1 run(s), 1 hit(s), 0 error(s), 0 left on base; Indiana 7 - Detroit 3 |
TOP OF THE 6TH |
Indiana Hounds batting - Pitching for Detroit X-Wings : RHP Salvador Vélez
|
Batting: RHB Paco Castillo
|
0-0: Ball 1-0: Ball 2-0: Ball 3-0: Called Strike 3-1: Foul Ball, location: 2F 3-2: Ground out 5-3 (Groundball, 5S)
|
Pitching: LHP Mike O'Brien
|
|
Batting: LHB Junior Coates
|
0-0: Called Strike 0-1: Fly out, F7 (Flyball, 78D)
|
Batting: RHB Howard Daniel
|
0-0: Ball 1-0: Fly out, F6 (Line Drive, 6)
|
Top of the 6th over - 0 run(s), 0 hit(s), 0 error(s), 0 left on base; Indiana 7 - Detroit 3 |
BOTTOM OF THE 6TH |
Detroit X-Wings batting - Pitching for Indiana Hounds : LHP Ian DeMichelis
|
Batting: LHB Gonzalo Trujillo
|
0-0: Ball 1-0: Called Strike 1-1: Foul Ball, location: 2F 1-2: Ball 2-2: Ball 3-2: Strikes out swinging
|
Batting: SHB Felipe Detorres
|
0-0: Ball 1-0: Foul Ball, location: 2F 1-1: Ball 2-1: Ball 3-1: Called Strike 3-2: Foul Ball, location: 2F 3-2: Base on Balls
|
Batting: RHB Juan Martínez
|
0-0: Ball 1-0: Called Strike 1-1: Ball 2-1: Foul Ball, location: 2F 2-2: Ball 3-2: SINGLE (Line Drive, 7LM) Felipe Detorres to second
|
Batting: RHB Gary Witt
|
0-0: Called Strike 0-1: Ball Wild Pitch! Felipe Detorres to third Juan Martínez to second 1-1: Foul Ball, location: 2F 1-2: Ball 2-2: Ground out 5-3 (Groundball, 56) Felipe Detorres scores
|
Batting: RHB Diego Ocampo
|
0-0: Foul Ball, location: 2F 0-1: Ball 1-1: Ball 2-1: Swinging Strike 2-2: Foul Ball, location: 2F 2-2: Strikes out swinging
|
Bottom of the 6th over - 1 run(s), 1 hit(s), 0 error(s), 1 left on base; Indiana 7 - Detroit 4 |
TOP OF THE 7TH |
Indiana Hounds batting - Pitching for Detroit X-Wings : LHP Mike O'Brien
|
Batting: RHB Doug Murray
|
0-0: Swinging Strike 0-1: Ball 1-1: Swinging Strike 1-2: Strikes out swinging
|
Batting: LHB Clint Parkinson
|
0-0: Called Strike 0-1: SINGLE (Line Drive, 89S)
|
Batting: RHB Danny Walker
|
0-0: Ball 1-0: Ball 2-0: Called Strike 2-1: Ball 3-1: Grounds into double play, 6-4-3 (Groundball, 6)
|
Top of the 7th over - 0 run(s), 1 hit(s), 0 error(s), 0 left on base; Indiana 7 - Detroit 4 |
BOTTOM OF THE 7TH |
Detroit X-Wings batting - Pitching for Indiana Hounds : LHP Ian DeMichelis
|
Pitching: LHP Tatsui Tanaka
|
|
Batting: SHB Jaime Montés
|
0-0: Ball 1-0: Ball 2-0: Fly out, F3 (Popup, 9LM)
|
Batting: LHB Juan Jose Pineda
|
0-0: Ball 1-0: Foul Ball, location: 2F 1-1: Ball 2-1: Foul Ball, location: 2F 2-2: Ground out U3 (Groundball, 3)
|
Batting: RHB Albert Chávez
|
0-0: Called Strike 0-1: Ball 1-1: Called Strike 1-2: Strikes out looking
|
Bottom of the 7th over - 0 run(s), 0 hit(s), 0 error(s), 0 left on base; Indiana 7 - Detroit 4 |
TOP OF THE 8TH |
Indiana Hounds batting - Pitching for Detroit X-Wings : LHP Mike O'Brien
|
Batting: RHB Marc Ploughman
|
0-0: Called Strike 0-1: Foul Ball, location: 2F 0-2: Ground out 6-3 (Groundball, 6M)
|
Batting: LHB Dave Helásquez
|
0-0: Called Strike 0-1: Foul Ball, location: 2F 0-2: Ball 1-2: Foul Ball, location: 2F 1-2: Foul Ball, location: 2F 1-2: SINGLE (Groundball, 34D)
|
Pitching: RHP Carlos Díaz
|
|
Batting: RHB Kun Liu
|
0-0: Grounds into double play, 4-6-3 (Groundball, 4)
|
Top of the 8th over - 0 run(s), 1 hit(s), 0 error(s), 0 left on base; Indiana 7 - Detroit 4 |
BOTTOM OF THE 8TH |
Detroit X-Wings batting - Pitching for Indiana Hounds : LHP Tatsui Tanaka
|
Batting: RHB Jorge Cora
|
0-0: Called Strike 0-1: DOUBLE (Line Drive, 7LS)
|
Pitching: LHP Dennis Taylor
|
|
Pinch Runner at 2nd Yasuoka Tanaka:
|
|
Batting: LHB Gonzalo Trujillo
|
0-0: Called Strike 0-1: Swinging Strike 0-2: Ball 1-2: Ball 2-2: Ball 3-2: Base on Balls
|
Pitching: RHP Aaron Palmer
|
|
Batting: SHB Felipe Detorres
|
0-0: Called Strike 0-1: Called Strike 0-2: Ball 1-2: Strikes out looking
|
Batting: RHB Juan Martínez
|
0-0: Called Strike 0-1: Foul Ball, location: 2F 0-2: Ball 1-2: Ball 2-2: Ball 3-2: Foul Ball, location: 2F 3-2: Base on Balls Yasuoka Tanaka to third Gonzalo Trujillo to second
|
Batting: RHB Gary Witt
|
0-0: Called Strike 0-1: Foul Ball, location: 2F 0-2: Ball 1-2: Ball 2-2: Fly out, F7 (Line Drive, 78D) Runner from 3rd tags up, SCORES, no throw
|
Batting: RHB Diego Ocampo
|
0-0: Called Strike 0-1: Ball 1-1: Ball 2-1: Ball 3-1: Foul Ball, location: 2F 3-2: SINGLE (Line Drive, 56) Gonzalo Trujillo to third Juan Martínez to second Gonzalo Trujillo scores Juan Martínez to third
|
Pitching: LHP Keith Hill
|
|
Batting: SHB Jaime Montés
|
0-0: Ball 1-0: Called Strike 1-1: Ball 2-1: Swinging Strike 2-2: Ball 3-2: SINGLE (Line Drive, 78M) Juan Martínez scores Diego Ocampo to second Diego Ocampo to third
|
Batting: LHB Juan Jose Pineda
|
0-0: Called Strike 0-1: Ball 1-1: Foul Ball, location: 2F 1-2: Strikes out looking
|
Bottom of the 8th over - 3 run(s), 3 hit(s), 0 error(s), 2 left on base; Indiana 7 - Detroit 7 |
TOP OF THE 9TH |
Indiana Hounds batting - Pitching for Detroit X-Wings : RHP Carlos Díaz
|
Pitching: RHP Domingo Rodríguez
|
|
Now in LF: Yasuoka Tanaka
|
|
Pinch Hitting: LHB Diego Torres
|
0-0: Called Strike 0-1: Fly out, F5 (Popup, 25F)
|
Batting: LHB Junior Coates
|
0-0: Ball 1-0: Ball 2-0: Called Strike 2-1: Swinging Strike 2-2: Fly out, F8 (Popup, 8LS)
|
Pinch Hitting: RHB Jorge Rodríguez
|
0-0: Ball 1-0: Called Strike 1-1: Swinging Strike 1-2: Strikes out swinging
|
Top of the 9th over - 0 run(s), 0 hit(s), 0 error(s), 0 left on base; Indiana 7 - Detroit 7 |
BOTTOM OF THE 9TH |
Detroit X-Wings batting - Pitching for Indiana Hounds : LHP Keith Hill
|
Pitching: RHP Enrique Gómez
|
|
Now at C: Jorge Rodríguez
|
|
Now in LF: Diego Torres
|
|
Batting: RHB Albert Chávez
|
0-0: Fly out, F9 (Line Drive, 89M)
|
Batting: RHB Yasuoka Tanaka
|
0-0: Ball 1-0: Called Strike 1-1: Called Strike 1-2: Strikes out swinging
|
Batting: LHB Gonzalo Trujillo
|
0-0: Ball 1-0: Called Strike 1-1: Swinging Strike 1-2: Ball 2-2: Fly out, F5 (Line Drive, 5S)
|
Bottom of the 9th over - 0 run(s), 0 hit(s), 0 error(s), 0 left on base; Indiana 7 - Detroit 7 |
TOP OF THE 10TH |
Indiana Hounds batting - Pitching for Detroit X-Wings : RHP Domingo Rodríguez
|
Pinch Hitting: RHB Víctor Chávez
|
0-0: Called Strike 0-1: Swinging Strike 0-2: Hit by Pitch
|
Batting: LHB Clint Parkinson
|
0-0: Called Strike 0-1: Ball 1-1: SINGLE (Line Drive, 56) Víctor Chávez to second
|
Batting: RHB Danny Walker
|
0-0: Called Strike 0-1: SINGLE (Flyball, 8LS) Víctor Chávez to third Clint Parkinson to second Runner from 3rd tries for Home, SAFE, no throw or cutoff
|
Pitching: RHP Gabriel Ruíz
|
|
Pinch Runner at 2nd Wilson Torres:
|
|
Batting: RHB Marc Ploughman
|
0-0: Bunted foul 0-1: Ball 1-1: Ball 2-1: Ball 3-1: Sac Bunt - play at first, batter OUT! 1-4 Wilson Torres to third Danny Walker to second
|
Batting: LHB Dave Helásquez
|
0-0: Intentional Walk
|
Pinch Hitting: LHB Mark Thomas
|
0-0: Ball 1-0: Foul Ball, location: 2F 1-1: Ball 2-1: DOUBLE (Groundball, 3L) Wilson Torres scores Danny Walker scores Dave Helásquez to third Runner from 3rd tries for Home, SAFE, throw made at trailing runner, OUT at third!
|
Batting: LHB Diego Torres
|
0-0: Ground out 4-3 (Groundball, 4)
|
Top of the 10th over - 4 run(s), 3 hit(s), 0 error(s), 0 left on base; Indiana 11 - Detroit 7 |
BOTTOM OF THE 10TH |
Detroit X-Wings batting - Pitching for Indiana Hounds : RHP Enrique Gómez
|
Now at 2B: Víctor Chávez
|
|
Now at SS: Tommy Evans
|
|
Now in CF: Wilson Torres
|
|
Batting: SHB Felipe Detorres
|
0-0: Ball 1-0: Ball 2-0: Fly out, F8 (Flyball, 8RM)
|
Batting: RHB Juan Martínez
|
0-0: Foul Ball, location: 2F 0-1: SOLO HOME RUN (Flyball, 8RD), Distance : 405 ft
|
Pitching: RHP Alvin Heath
|
|
Batting: RHB Gary Witt
|
0-0: Foul Ball, location: 2F 0-1: Ball 1-1: Ball 2-1: Ball 3-1: Ground out 5-3 (Groundball, 56)
|
Batting: RHB Diego Ocampo
|
0-0: Ball 1-0: Foul Ball, location: 2F 1-1: Foul Ball, location: 2F 1-2: Fly out, F8 (Flyball, 8LS)
|
Bottom of the 10th over - 1 run(s), 1 hit(s), 0 error(s), 0 left on base; Indiana 11 - Detroit 8 |
|